 Dungeon Crawl Stone Soup version 0.19.1 (webtiles) character file.

47 Dfrag the Firebug (level 3, -2/24 HPs)
             Began as a Demonspawn Fire Elementalist on Nov 28, 2016.
             Slain by a goblin
             ... wielding a +2 dagger of speed
             ... led by Robin
              (6 damage)
             ... on level 2 of the Dungeon.
             The game lasted 00:02:48 (1058 turns).

Dfrag the Firebug (Demonspawn Fire Elementalist)    Turns: 1058, Time: 00:02:49

Health: -2/24      AC:  2    Str:  8    XL:     3   Next: 48%
Magic:  3/15       EV: 12    Int: 17    God:
Gold:   57         SH:  0    Dex: 13    Spells: 1 memorised, 6 levels left

rFire  . . .     SeeInvis .     f - +0 mace
rCold  . . .     Gourm    .     a - +0 robe
rNeg   . . .     Faith    .     (no shield)
rPois  .         Spirit   .     (helmet restricted)
rElec  .         Reflect  .     (no cloak)
rCorr  .         Harm     .     (no gloves)
MR     .....                    (no boots)
Stlth  ++........               (no amulet)
                                (no ring)
                                e - ring of magical power

@: very slightly contaminated
A: antennae 1
a: no special abilities


You were on level 2 of the Dungeon.
You were very hungry.

You visited 1 branch of the dungeon, and saw 2 of its levels.

You collected 57 gold pieces.

Inventory:

Hand Weapons
 f - a +0 mace (weapon)
Armour
 a - a +0 robe (worn)
Jewellery
 e - a ring of magical power (left hand)
Scrolls
 h - 2 scrolls of random uselessness {unknown}
 j - a scroll of fog {unknown}
 l - a scroll of identify {unknown}
Potions
 d - 2 potions of mutation {unknown}
 g - a potion of brilliance {unknown}
 i - a potion of agility {unknown}
 k - a potion of heal wounds {unknown}
 m - 2 potions of flight {unknown}
 o - a potion of cure mutation {unknown}
Books
 b - a book of Flames

   Spells                             Type                      Level
   a - Flame Tongue                   Conjuration/Fire             1
   b - Throw Flame                    Conjuration/Fire             2
   c - Conjure Flame                  Conjuration/Fire             3
   d - Inner Flame                    Hexes/Fire                   3
   e - Sticky Flame                   Conjuration/Fire             4
   f - Fireball                       Conjuration/Fire             5
Comestibles
 c - a bread ration
 n - a meat ration


   Skills:
 - Level 1.7 Dodging
 - Level 1.7 Stealth
 + Level 2.5 Spellcasting
 + Level 1.9 Conjurations
 + Level 3.3 Fire Magic


You had 6 spell levels left.
You knew the following spells:

 Your Spells              Type           Power        Failure   Level  Hunger
a - Flame Tongue          Conj/Fire      ##...        10%         1    #......


Dungeon Overview and Level Annotations

Branches:
Dungeon (2/15)

Altars:
Elyvilon

Annotations:
D:2 Robin


Innate Abilities, Weirdness & Mutations

You have a pair of small antennae on your head.


Message History

Aiming: Flame Tongue
Press: ? - help, Shift-Dir - straight line, f/p - goblin
Aim: a goblin, wielding a dagger of speed (moderately wounded)
The flame tongue misses the goblin.
The flame tongue hits the goblin.
You kill the goblin!
Robin throws the goblin at you!
* * * LOW HITPOINT WARNING * * *
The goblin hits you with a dagger of speed.
* * * LOW HITPOINT WARNING * * *
The goblin misses you.
Casting: Flame Tongue
Confirm with . or Enter, or press ? or * to list all spells.
Aiming: Flame Tongue
Press: ? - help, Shift-Dir - straight line, f/p - goblin
Aim: a goblin, wielding a dagger of speed (moderately wounded)
The flame tongue misses the goblin.
Robin roars a battlecry!
The goblin goes into a battle-frenzy!
The goblin hits you with a dagger of speed.
You die...

####### ....... .......
#### ....>.. ##..#
.....†g## ###...#
.....gg.## ##...###
...g.gg..# #....# #
..g...{#g##### #.#.####
.#######))g@g# #...##..
#####.## ##.##...# #..#
##.....### ##.#
#...#### # .. ## #.#
###...###### #. .
##.###.....##.... .#.
#......#.####.#.. ...
######....(...##...#.#
#.#
.##......#........##..#


You could see Robin and 2 goblins.

Vanquished Creatures
  A worm (D:2)
  A leopard gecko (D:1)
  A giant cockroach (D:1)
  10 goblins
  6 hobgoblins
  A quokka (D:2)
  4 bats
  9 frilled lizards
  4 kobolds (D:1)
  4 rats (D:1)
41 creatures vanquished.

Notes
Turn   | Place    | Note
-------+----------+-------------------------------------------
     0 | D:1      | Dfrag the Demonspawn Fire Elementalist began the quest for the Orb.
     0 | D:1      | Reached XP level 1. HP: 13/13 MP: 3/3
    37 | D:1      | Noticed a big kobold
    38 | D:1      | Noticed a big kobold
    38 | D:1      | Noticed a troll
    39 | D:1      | Noticed a big kobold
   256 | D:1      | Noticed a big kobold
   281 | D:1      | Gained mutation: You have a pair of small antennae on your head. [demonic ancestry]
   281 | D:1      | Reached XP level 2. HP: 12/19 MP: 5/5
   503 | D:1      | Reached skill level 3 in Fire Magic
   903 | D:2      | Reached XP level 3. HP: 24/24 MP: 6/6
   907 | D:2      | Found a white marble altar of Elyvilon.
  1039 | D:2      | Noticed Robin
  1058 | D:2      | Slain by a goblin

Skill      XL: |  1  2 |
---------------+-------+-----
Fire Magic     | 3 |  3.3
Dodging        | |  1.7
Stealth        | |  1.7
Spellcasting   | |  2.5
Conjurations   | |  1.9

Action                   || total
-------------------------++-------
Melee: Unarmed           ||    10
       Mace              ||     7
 Cast: Flame Tongue      ||    70
Armor: Robe              ||     7
Dodge: Dodged            ||    48
